[ AOE2 MATCH · #478037420 ]
UnrankedWei vs Vietnamese
[ REPLAY ANALYSIS · EXTRACTED FROM THE RECORDED GAME ]
Feudal
11:49
Castle
—
Imperial
—
| APM avg | 55.5 |
| APM peak | 104 |
| eAPM avg | 22.9 |
| Villagers / military | 54 / 26 |
Focus
⚔️ 31.5% · 🌾 68.5%
Scout Cavalry ×25 · Spearman ×1
Feudal
11:28
Castle
24:03
Imperial
—
| APM avg | 55.9 |
| APM peak | 105 |
| eAPM avg | 16.2 |
| Villagers / military | 53 / 5 |
Focus
⚔️ 38.3% · 🌾 61.7%
Scout Cavalry ×5
Feudal
13:17
Castle
17:02
Imperial
—
| APM avg | 44.6 |
| APM peak | 79 |
| eAPM avg | 20.5 |
| Villagers / military | 36 / 21 |
Focus
⚔️ 26.1% · 🌾 73.9%
Rattan Archer ×21
Feudal
12:13
Castle
15:48
Imperial
—
| APM avg | 37.1 |
| APM peak | 75 |
| eAPM avg | 17.8 |
| Villagers / military | 50 / 7 |
Focus
⚔️ 44.9% · 🌾 55.1%
Spearman ×6 · Chu Ko Nu ×1
Match map
Initial resources + every placement click. Lines = walls · curves = elevation contours. ◆ gold · ⬟ stone · ● berries · ✦ relic · ◌ wall gap
Your base· Open — unwalled flank
Chill's base· Open — 7t gap
Dissident's base· Open — unwalled flank
Esteban's base· Open — unwalled flank
Smoothed initial terrain · ◌ = detected wall gap · hover for details
Inputs per minute
— The Immortal - - Chill
Build order — The Immortal
First 150 of 180 actions detected
| 0:41 | Build | Town Center |
| 0:52 | Build | Town Center |
| 1:11 | Build | House |
| 2:37 | Create | Villager (Male) |
| 2:37 | Create | Villager (Male) |
| 2:38 | Create | Villager (Male) |
| 2:39 | Create | Villager (Male) |
| 3:33 | Create | Villager (Male) |
| 3:52 | Create | Villager (Male) |
| 3:55 | Build | House |
| 4:27 | Build | House |
| 4:31 | Build | House |
| 4:36 | Create | Villager (Male) |
| 4:43 | Build | House |
| 4:56 | Build | House |
| 5:02 | Create | Villager (Male) |
| 5:17 | Build | Lumber Camp |
| 5:38 | Build | House |
| 5:45 | Create | Villager (Male) |
| 5:57 | Build | House |
| 6:03 | Create | Villager (Male) |
| 6:31 | Create | Villager (Male) |
| 6:43 | Build | House |
| 7:22 | Build | House |
| 7:31 | Create | Villager (Male) |
| 7:33 | Build | House |
| 7:42 | Build | Mill |
| 7:45 | Build | House |
| 7:50 | Create | Villager (Male) |
| 8:15 | Create | Villager (Male) |
| 8:31 | Create | Villager (Male) |
| 8:31 | Research | Loom |
| 9:14 | Research | Loom |
| 9:34 | Research | Feudal Age |
| 10:20 | Build | Barracks |
| 10:42 | Build | House |
| 11:08 | Build | House |
| 11:23 | Build | House |
| 11:31 | Create | Villager (Male) |
| 11:41 | Build | House |
| 11:49 | Age | Feudal Age |
| 11:52 | Build | Stable |
| 12:03 | Research | Double-Bit Axe |
| 12:03 | Create | Villager (Male) |
| 12:21 | Build | House |
| 12:24 | Build | House |
| 12:27 | Create | Villager (Male) |
| 12:29 | Build | Palisade Wall |
| 12:37 | Create | Spearman |
| 12:44 | Create | Villager (Male) |
| 12:45 | Create | Scout Cavalry |
| 12:46 | Create | Scout Cavalry |
| 13:16 | Build | Blacksmith |
| 13:19 | Create | Villager (Male) |
| 13:53 | Create | Villager (Male) |
| 13:53 | Create | Scout Cavalry |
| 14:09 | Create | Scout Cavalry |
| 14:10 | Create | Villager (Male) |
| 14:28 | Research | Forging |
| 14:34 | Build | Watch Tower |
| 14:35 | Build | Palisade Wall |
| 14:36 | Build | Palisade Wall |
| 14:36 | Build | Palisade Wall |
| 14:36 | Build | Palisade Wall |
| 14:36 | Build | Palisade Wall |
| 14:44 | Create | Villager (Male) |
| 15:00 | Build | Watch Tower |
| 15:06 | Create | Scout Cavalry |
| 15:14 | Build | Watch Tower |
| 15:17 | Create | Scout Cavalry |
| 15:18 | Create | Villager (Male) |
| 15:20 | Build | House |
| 15:38 | Create | Scout Cavalry |
| 15:45 | Build | Watch Tower |
| 15:49 | Build | Palisade Wall |
| 15:50 | Build | Palisade Wall |
| 15:50 | Build | Palisade Wall |
| 15:54 | Create | Villager (Male) |
| 15:57 | Build | Palisade Wall |
| 15:59 | Build | Palisade Wall |
| 16:01 | Build | Palisade Wall |
| 16:05 | Create | Villager (Male) |
| 16:17 | Create | Villager (Male) |
| 16:27 | Build | House |
| 16:27 | Research | Horse Collar |
| 16:30 | Build | Farm |
| 16:32 | Build | Farm |
| 16:32 | Create | Villager (Male) |
| 16:33 | Create | Villager (Male) |
| 16:35 | Build | Farm |
| 16:51 | Create | Villager (Male) |
| 16:55 | Build | Farm |
| 17:14 | Build | Outpost |
| 17:17 | Build | Outpost |
| 17:19 | Build | House |
| 17:19 | Create | Villager (Male) |
| 17:20 | Create | Scout Cavalry |
| 17:40 | Build | Outpost |
| 17:43 | Create | Villager (Male) |
| 18:02 | Create | Scout Cavalry |
| 18:03 | Create | Villager (Male) |
| 18:09 | Build | Mill |
| 18:10 | Create | Villager (Male) |
| 18:15 | Create | Scout Cavalry |
| 18:18 | Build | Outpost |
| 18:19 | Create | Villager (Male) |
| 18:27 | Build | Mill |
| 18:27 | Build | Farm |
| 18:27 | Build | Farm |
| 18:28 | Build | Farm |
| 18:28 | Build | Farm |
| 18:28 | Build | Farm |
| 18:28 | Build | Farm |
| 18:29 | Create | Villager (Male) |
| 18:54 | Create | Villager (Male) |
| 18:57 | Research | Wheelbarrow |
| 19:10 | Create | Villager (Male) |
| 19:20 | Create | Villager (Male) |
| 19:25 | Build | Mining Camp |
| 19:35 | Research | Scale Barding Armor |
| 19:51 | Create | Villager (Male) |
| 20:04 | Build | House |
| 20:12 | Create | Scout Cavalry |
| 20:14 | Create | Villager (Male) |
| 20:21 | Build | House |
| 20:23 | Build | House |
| 20:27 | Build | Mining Camp |
| 20:32 | Create | Villager (Male) |
| 20:57 | Create | Villager (Male) |
| 21:30 | Research | Bloodlines |
| 21:35 | Build | Market |
| 21:40 | Create | Scout Cavalry |
| 21:56 | Build | Watch Tower |
| 21:58 | Research | Fletching |
| 22:00 | Create | Villager (Male) |
| 22:00 | Create | Scout Cavalry |
| 22:02 | Create | Villager (Male) |
| 22:06 | Build | House |
| 22:07 | Build | Palisade Wall |
| 22:18 | Build | Watch Tower |
| 22:40 | Create | Villager (Male) |
| 22:47 | Build | House |
| 22:57 | Create | Scout Cavalry |
| 22:59 | Create | Villager (Male) |
| 23:11 | Build | Stable |
| 23:18 | Create | Villager (Male) |
| 23:21 | Create | Villager (Male) |
| 23:38 | Create | Villager (Male) |
| 23:53 | Create | Scout Cavalry |
| 23:53 | Create | Scout Cavalry |
Build order — Chill
118 actions detected in the replay
| 0:23 | Build | Town Center |
| 2:35 | Create | Villager (Male) |
| 2:36 | Create | Villager (Male) |
| 2:36 | Create | Villager (Male) |
| 2:36 | Create | Villager (Male) |
| 3:33 | Create | Villager (Male) |
| 3:33 | Create | Villager (Male) |
| 4:02 | Create | Villager (Male) |
| 4:02 | Create | Villager (Male) |
| 4:35 | Create | Villager (Male) |
| 4:51 | Build | Lumber Camp |
| 4:52 | Create | Villager (Male) |
| 4:52 | Create | Villager (Male) |
| 5:52 | Create | Villager (Male) |
| 6:08 | Create | Villager (Male) |
| 6:23 | Create | Villager (Male) |
| 6:49 | Create | Villager (Male) |
| 7:03 | Create | Villager (Male) |
| 7:34 | Create | Villager (Male) |
| 8:12 | Create | Villager (Male) |
| 8:33 | Build | Mill |
| 8:40 | Research | Loom |
| 9:18 | Research | Feudal Age |
| 9:19 | Research | Feudal Age |
| 10:21 | Create | Villager (Male) |
| 11:11 | Build | Barracks |
| 11:17 | Create | Villager (Male) |
| 11:28 | Age | Feudal Age |
| 11:35 | Research | Double-Bit Axe |
| 11:48 | Create | Villager (Male) |
| 11:58 | Build | Stable |
| 12:18 | Create | Villager (Male) |
| 12:39 | Build | Palisade Wall |
| 12:43 | Build | Palisade Wall |
| 12:47 | Build | Palisade Wall |
| 12:47 | Create | Villager (Male) |
| 12:52 | Build | Palisade Gate |
| 12:56 | Create | Scout Cavalry |
| 12:56 | Create | Scout Cavalry |
| 12:58 | Create | Scout Cavalry |
| 13:13 | Build | Farm |
| 13:17 | Build | Farm |
| 13:20 | Research | Horse Collar |
| 13:41 | Create | Villager (Male) |
| 14:13 | Create | Villager (Male) |
| 14:27 | Build | Watch Tower |
| 14:58 | Create | Villager (Male) |
| 15:05 | Create | Villager (Male) |
| 15:08 | Build | Farm |
| 15:11 | Create | Villager (Male) |
| 15:28 | Create | Villager (Male) |
| 15:40 | Create | Villager (Male) |
| 15:45 | Build | Mining Camp |
| 15:58 | Create | Villager (Male) |
| 16:04 | Create | Villager (Male) |
| 16:09 | Build | Palisade Wall |
| 16:10 | Build | Palisade Wall |
| 16:10 | Build | Palisade Wall |
| 16:11 | Build | Palisade Wall |
| 16:11 | Build | Palisade Wall |
| 16:11 | Build | Palisade Wall |
| 16:12 | Build | Palisade Wall |
| 16:12 | Build | Palisade Wall |
| 16:12 | Build | Palisade Wall |
| 16:12 | Build | Palisade Wall |
| 16:13 | Build | Palisade Wall |
| 16:22 | Build | Farm |
| 16:25 | Build | Farm |
| 16:26 | Create | Villager (Male) |
| 16:45 | Create | Villager (Male) |
| 16:59 | Create | Scout Cavalry |
| 17:17 | Create | Villager (Male) |
| 17:22 | Build | Market |
| 17:43 | Build | Farm |
| 17:43 | Create | Villager (Male) |
| 17:53 | Build | Mining Camp |
| 18:00 | Build | Farm |
| 18:06 | Create | Villager (Male) |
| 18:14 | Create | Villager (Male) |
| 18:31 | Create | Villager (Male) |
| 19:01 | Create | Villager (Male) |
| 19:09 | Create | Villager (Male) |
| 19:22 | Create | Villager (Male) |
| 19:42 | Create | Villager (Male) |
| 19:52 | Build | Blacksmith |
| 19:56 | Create | Scout Cavalry |
| 20:22 | Create | Villager (Male) |
| 21:00 | Build | Barracks |
| 21:23 | Research | Castle Age |
| 21:26 | Create | Villager (Male) |
| 21:41 | Create | Villager (Male) |
| 22:22 | Create | Villager (Male) |
| 22:24 | Build | Lumber Camp |
| 22:53 | Create | Villager (Male) |
| 24:03 | Age | Castle Age |
| 24:08 | Build | Town Center |
| 24:51 | Build | Town Center |
| 24:55 | Create | Villager (Male) |
| 24:55 | Create | Villager (Male) |
| 25:01 | Build | Farm |
| 25:02 | Build | Farm |
| 25:06 | Build | Farm |
| 25:19 | Build | Farm |
| 25:38 | Build | Farm |
| 26:01 | Build | Farm |
| 26:10 | Build | Farm |
| 26:22 | Build | Farm |
| 26:22 | Build | Farm |
| 26:23 | Build | Farm |
| 26:23 | Build | Farm |
| 26:23 | Build | Farm |
| 26:24 | Build | Farm |
| 26:24 | Build | Farm |
| 26:24 | Build | Farm |
| 26:24 | Build | Farm |
| 26:34 | Create | Villager (Male) |
| 26:41 | Create | Villager (Male) |
| 27:00 | Create | Villager (Male) |
Build order — Dissident
106 actions detected in the replay
| 0:11 | Build | Town Center |
| 1:57 | Build | House |
| 2:22 | Create | Villager (Male) ×4 |
| 3:23 | Build | House |
| 3:25 | Create | Villager (Male) |
| 3:39 | Research | Loom |
| 3:45 | Create | Villager (Male) |
| 3:51 | Build | Lumber Camp |
| 4:17 | Create | Villager (Male) |
| 4:26 | Build | House |
| 4:44 | Build | House |
| 4:49 | Create | Villager (Male) |
| 4:49 | Create | Villager (Male) |
| 5:26 | Create | Villager (Male) |
| 5:49 | Create | Villager (Male) |
| 6:10 | Create | Villager (Male) |
| 6:21 | Build | House |
| 6:29 | Build | House |
| 6:42 | Create | Villager (Male) |
| 7:01 | Create | Villager (Male) |
| 7:10 | Create | Villager (Male) |
| 7:15 | Build | Mill |
| 7:46 | Create | Villager (Male) |
| 8:08 | Create | Villager (Male) |
| 8:31 | Create | Villager (Male) |
| 8:49 | Build | House |
| 9:03 | Create | Villager (Male) |
| 9:42 | Create | Villager (Male) |
| 10:09 | Create | Villager (Male) |
| 10:22 | Build | Mining Camp |
| 10:41 | Create | Villager (Male) |
| 10:54 | Research | Feudal Age |
| 10:57 | Build | House |
| 11:47 | Create | Villager (Male) |
| 11:47 | Create | Villager (Male) |
| 11:53 | Build | House |
| 12:12 | Build | House |
| 12:14 | Build | Palisade Wall |
| 12:18 | Build | Palisade Wall |
| 12:19 | Build | Palisade Wall |
| 12:21 | Build | Palisade Wall |
| 13:17 | Age | Feudal Age |
| 13:19 | Build | Market |
| 13:24 | Build | Blacksmith |
| 13:37 | Build | Palisade Wall |
| 13:38 | Build | Palisade Wall |
| 13:42 | Build | Palisade Wall |
| 13:44 | Build | Palisade Wall |
| 13:57 | Build | Palisade Wall |
| 14:22 | Research | Castle Age |
| 14:26 | Build | Palisade Wall |
| 15:06 | Build | Palisade Wall |
| 15:11 | Research | Double-Bit Axe |
| 15:11 | Research | Double-Bit Axe |
| 15:57 | Build | Watch Tower |
| 16:56 | Build | Palisade Gate |
| 17:02 | Age | Castle Age |
| 17:13 | Build | Farm |
| 17:17 | Build | Farm |
| 17:27 | Build | Farm |
| 17:50 | Build | House |
| 17:51 | Build | Palisade Wall |
| 18:28 | Build | Castle |
| 18:33 | Create | Villager (Male) |
| 18:43 | Build | Palisade Wall |
| 19:19 | Create | Rattan Archer |
| 19:19 | Create | Rattan Archer |
| 19:19 | Create | Rattan Archer |
| 19:22 | Research | Fletching |
| 19:26 | Create | Rattan Archer |
| 19:54 | Create | Rattan Archer |
| 19:56 | Create | Rattan Archer |
| 20:14 | Create | Villager (Male) |
| 20:15 | Create | Villager (Male) |
| 20:17 | Build | Farm |
| 20:21 | Create | Rattan Archer |
| 20:43 | Create | Rattan Archer |
| 20:47 | Build | Farm |
| 20:55 | Create | Villager (Male) |
| 21:02 | Create | Rattan Archer |
| 21:20 | Create | Rattan Archer |
| 21:30 | Create | Rattan Archer |
| 21:33 | Create | Villager (Male) |
| 21:58 | Create | Rattan Archer |
| 22:09 | Create | Villager (Male) |
| 22:16 | Build | Farm |
| 22:42 | Create | Villager (Male) |
| 22:45 | Create | Rattan Archer |
| 23:10 | Research | Bodkin Arrow |
| 23:13 | Create | Rattan Archer |
| 23:19 | Create | Villager (Male) |
| 23:24 | Build | Farm |
| 23:36 | Create | Rattan Archer |
| 23:50 | Create | Villager (Male) |
| 23:51 | Create | Rattan Archer |
| 24:02 | Create | Villager (Male) |
| 24:06 | Build | Farm |
| 24:30 | Create | Rattan Archer |
| 24:34 | Create | Rattan Archer |
| 24:48 | Create | Rattan Archer |
| 25:16 | Create | Rattan Archer |
| 25:33 | Create | Villager (Male) |
| 25:36 | Create | Villager (Male) |
| 25:58 | Build | House |
| 25:59 | Build | Palisade Wall |
| 26:16 | Create | Rattan Archer |
Build order — Esteban
130 actions detected in the replay
| 0:33 | Build | Town Center |
| 2:13 | Build | House |
| 2:28 | Research | Loom |
| 2:58 | Create | Villager (Male) |
| 3:18 | Create | Villager (Male) |
| 3:39 | Create | Villager (Male) |
| 4:02 | Create | Villager (Male) |
| 4:16 | Build | Lumber Camp |
| 4:22 | Create | Villager (Male) |
| 4:52 | Create | Villager (Male) |
| 5:01 | Create | Villager (Male) |
| 5:35 | Create | Villager (Male) |
| 5:35 | Create | Villager (Male) |
| 5:36 | Create | Villager (Male) |
| 6:01 | Create | Villager (Male) |
| 6:20 | Create | Villager (Male) |
| 6:20 | Create | Villager (Male) |
| 6:44 | Create | Villager (Male) |
| 6:56 | Build | Mill |
| 7:09 | Create | Villager (Male) |
| 7:15 | Build | House |
| 8:20 | Build | Mill |
| 8:23 | Create | Villager (Male) |
| 8:24 | Create | Villager (Male) |
| 8:24 | Create | Villager (Male) |
| 8:25 | Create | Villager (Male) |
| 8:36 | Build | Mill |
| 8:49 | Build | House |
| 9:33 | Create | Villager (Male) |
| 9:49 | Research | Feudal Age |
| 10:25 | Build | Mining Camp |
| 10:39 | Create | Villager (Male) |
| 10:39 | Create | Villager (Male) |
| 11:06 | Build | Palisade Wall |
| 11:14 | Build | Palisade Wall |
| 11:36 | Build | Palisade Wall |
| 11:41 | Build | Palisade Wall |
| 11:44 | Build | Palisade Wall |
| 12:13 | Age | Feudal Age |
| 12:15 | Build | Market |
| 12:26 | Build | Blacksmith |
| 12:28 | Build | Blacksmith |
| 12:52 | Build | Palisade Wall |
| 12:58 | Create | Villager (Male) |
| 13:08 | Research | Castle Age |
| 13:15 | Build | Palisade Wall |
| 13:17 | Build | Palisade Wall |
| 13:19 | Build | Palisade Wall |
| 13:28 | Build | Palisade Wall |
| 13:31 | Build | Palisade Wall |
| 13:34 | Build | Palisade Wall |
| 13:43 | Build | Palisade Gate |
| 13:52 | Build | Palisade Wall |
| 13:53 | Build | Palisade Wall |
| 13:57 | Research | Double-Bit Axe |
| 14:01 | Build | Palisade Wall |
| 14:18 | Build | Barracks |
| 14:34 | Build | Palisade Wall |
| 14:39 | Build | Palisade Wall |
| 14:45 | Build | Palisade Gate |
| 14:54 | Create | Spearman |
| 15:15 | Create | Spearman |
| 15:27 | Build | Mining Camp |
| 15:40 | Build | Palisade Wall |
| 15:48 | Age | Castle Age |
| 16:05 | Create | Spearman |
| 16:16 | Build | Palisade Wall |
| 16:18 | Build | Palisade Wall |
| 16:23 | Create | Villager (Male) |
| 16:26 | Research | Town Watch |
| 16:39 | Build | Palisade Wall |
| 16:47 | Build | Stable |
| 17:00 | Build | Palisade Gate |
| 17:09 | Create | Villager (Male) |
| 17:19 | Create | Villager (Male) |
| 17:27 | Create | Spearman |
| 17:42 | Research | Bow Saw |
| 18:06 | Build | Farm |
| 18:35 | Build | Palisade Wall |
| 19:02 | Build | Farm |
| 19:03 | Build | Farm |
| 19:20 | Create | Spearman |
| 19:22 | Build | Farm |
| 19:36 | Build | House |
| 20:20 | Build | Town Center |
| 20:29 | Create | Villager (Male) |
| 20:56 | Create | Spearman |
| 21:06 | Build | Castle |
| 21:26 | Build | Farm |
| 21:28 | Create | Villager (Male) |
| 22:54 | Build | Mill |
| 23:00 | Build | Mill |
| 23:08 | Create | Chu Ko Nu |
| 23:15 | Create | Villager (Male) |
| 23:40 | Build | Farm |
| 23:41 | Build | Farm |
| 23:41 | Build | Farm |
| 23:41 | Build | Farm |
| 23:41 | Build | Farm |
| 23:41 | Build | Farm |
| 23:42 | Build | Farm |
| 23:42 | Build | Farm |
| 23:45 | Create | Villager (Male) |
| 23:49 | Create | Villager (Male) |
| 23:58 | Create | Villager (Male) |
| 24:13 | Build | Outpost |
| 24:18 | Create | Villager (Male) |
| 24:18 | Create | Villager (Male) |
| 24:23 | Build | Outpost |
| 24:23 | Create | Villager (Male) |
| 24:49 | Create | Villager (Male) |
| 24:49 | Create | Villager (Male) |
| 24:50 | Create | Villager (Male) |
| 24:51 | Create | Villager (Male) |
| 24:53 | Build | Outpost |
| 25:01 | Create | Villager (Male) |
| 25:02 | Create | Villager (Male) |
| 25:05 | Create | Villager (Male) |
| 25:10 | Create | Villager (Male) |
| 25:15 | Create | Villager (Male) |
| 25:35 | Build | Outpost |
| 25:35 | Create | Villager (Male) |
| 25:35 | Create | Villager (Male) |
| 25:38 | Create | Villager (Male) |
| 25:50 | Build | Outpost |
| 25:53 | Create | Villager (Male) |
| 25:53 | Create | Villager (Male) |
| 26:22 | Create | Villager (Male) |
| 26:44 | Build | Outpost |
| 26:59 | Research | Pikeman (upgrade) |
Match timeline
| 10:20 | The Immortal · first_building Barracks |
| 11:06 | Esteban · wall_segment Palisade Wall x1 |
| 11:11 | Chill · first_building Barracks |
| 11:14 | Esteban · wall_segment Palisade Wall x1 |
| 11:28 | Chill · age_up feudal |
| 11:36 | Esteban · wall_segment Palisade Wall x1 |
| 11:41 | Esteban · wall_segment Palisade Wall x1 |
| 11:44 | Esteban · wall_segment Palisade Wall x1 |
| 11:49 | The Immortal · age_up feudal |
| 11:52 | The Immortal · first_building Stable |
| 11:58 | Chill · first_building Stable |
| 12:13 | Esteban · age_up feudal |
| 12:14 | Dissident · wall_segment Palisade Wall x1 |
| 12:18 | Dissident · wall_segment Palisade Wall x1 |
| 12:19 | Dissident · wall_segment Palisade Wall x1 |
| 12:21 | Dissident · wall_segment Palisade Wall x1 |
| 12:29 | The Immortal · wall_segment Palisade Wall x1 |
| 12:39 | Chill · wall_segment Palisade Wall x11 |
| 12:43 | Chill · wall_segment Palisade Wall x5 |
| 12:47 | Chill · wall_segment Palisade Wall x6 |
| 12:52 | Esteban · wall_segment Palisade Wall x1 |
| 13:15 | Esteban · wall_segment Palisade Wall x1 |
| 13:17 | Dissident · age_up feudal |
| 13:17 | Esteban · wall_segment Palisade Wall x1 |
| 13:19 | Esteban · wall_segment Palisade Wall x1 |
| 13:28 | Esteban · wall_segment Palisade Wall x1 |
| 13:31 | Esteban · wall_segment Palisade Wall x1 |
| 13:34 | Esteban · wall_segment Palisade Wall x1 |
| 13:37 | Dissident · wall_segment Palisade Wall x1 |
| 13:38 | Dissident · wall_segment Palisade Wall x1 |
| 13:42 | Dissident · wall_segment Palisade Wall x1 |
| 13:44 | Dissident · wall_segment Palisade Wall x1 |
| 13:52 | Esteban · wall_segment Palisade Wall x1 |
| 13:53 | Esteban · wall_segment Palisade Wall x1 |
| 13:57 | Dissident · wall_segment Palisade Wall x1 |
| 14:01 | Esteban · wall_segment Palisade Wall x1 |
| 14:18 | Esteban · first_building Barracks |
| 14:26 | Dissident · wall_segment Palisade Wall x1 |
| 14:34 | Esteban · wall_segment Palisade Wall x1 |
| 14:35 | The Immortal · wall_segment Palisade Wall x1 |
| 14:36 | The Immortal · wall_segment Palisade Wall x1 |
| 14:36 | The Immortal · wall_segment Palisade Wall x1 |
| 14:36 | The Immortal · wall_segment Palisade Wall x1 |
| 14:36 | The Immortal · wall_segment Palisade Wall x1 |
| 14:39 | Esteban · wall_segment Palisade Wall x1 |
| 15:06 | Dissident · wall_segment Palisade Wall x1 |
| 15:40 | Esteban · wall_segment Palisade Wall x1 |
| 15:48 | Esteban · age_up castle |
| 15:49 | The Immortal · wall_segment Palisade Wall x1 |
| 15:50 | The Immortal · wall_segment Palisade Wall x1 |
| 15:50 | The Immortal · wall_segment Palisade Wall x1 |
| 15:57 | The Immortal · wall_segment Palisade Wall x1 |
| 15:59 | The Immortal · wall_segment Palisade Wall x1 |
| 16:01 | The Immortal · wall_segment Palisade Wall x1 |
| 16:09 | Chill · wall_segment Palisade Wall x1 |
| 16:10 | Chill · wall_segment Palisade Wall x1 |
| 16:10 | Chill · wall_segment Palisade Wall x1 |
| 16:11 | Chill · wall_segment Palisade Wall x1 |
| 16:11 | Chill · wall_segment Palisade Wall x1 |
| 16:11 | Chill · wall_segment Palisade Wall x1 |
| 16:12 | Chill · wall_segment Palisade Wall x1 |
| 16:12 | Chill · wall_segment Palisade Wall x1 |
| 16:12 | Chill · wall_segment Palisade Wall x1 |
| 16:12 | Chill · wall_segment Palisade Wall x1 |
| 16:13 | Chill · wall_segment Palisade Wall x2 |
| 16:16 | Esteban · wall_segment Palisade Wall x1 |
| 16:18 | Esteban · wall_segment Palisade Wall x1 |
| 16:39 | Esteban · wall_segment Palisade Wall x1 |
| 16:47 | Esteban · first_building Stable |
| 17:02 | Dissident · age_up castle |
| 17:51 | Dissident · wall_segment Palisade Wall x1 |
| 17:53 | Esteban · first_market_buy 100 wood |
| 18:28 | Dissident · first_building Castle |
| 18:35 | Esteban · wall_segment Palisade Wall x1 |
| 18:43 | Dissident · wall_segment Palisade Wall x1 |
| 19:21 | Dissident · first_market_buy 100 food |
| 19:46 | Chill · first_market_sell 100 stone |
| 19:49 | Chill · first_market_buy 100 food |
| 21:06 | Esteban · first_building Castle |
| 22:07 | The Immortal · wall_segment Palisade Wall x6 |
| 23:02 | Dissident · first_market_sell 100 wood |
| 23:28 | The Immortal · first_market_sell 100 stone |
| 23:29 | The Immortal · first_market_buy 100 wood |
| 24:03 | Chill · age_up castle |
| 25:59 | Dissident · wall_segment Palisade Wall x1 |
| 26:11 | Esteban · first_market_sell 100 food |
| 27:02 | Chill · resign |
[ AI ANALYSIS · 1 CREDIT ]
What really happened in this match?
Wolo.gg analyzes every decision: build order, eco, micro, common mistakes by bracket. Personalized analysis on WhatsApp or Discord in 30 seconds.
Civ guide
Wei
Perfil
Jugador #862959